 Dungeon Crawl Stone Soup version 0.29.1-15-g9cfb28693d (webtiles) character file.

Game seed: 8684978200476232027

662 carsquan the Chopper (level 7, -1/61 HPs)
             Began as a Minotaur Berserker on Apr 28, 2023.
             Was a Follower of Trog.
             Slain by an ogre
             ... wielding a +0 giant club
              (10 damage)
             ... on level 5 of the Dungeon.
             The game lasted 00:24:33 (3507 turns).

carsquan the Chopper (Minotaur Berserker)           Turns: 3507, Time: 00:24:33

Health: -1/61      AC:  7    Str: 23    XL:     7   Next: 30%
Magic:  6/6        EV: 12    Int:  4    God:    Trog [*.....]
Gold:   58         SH:  0    Dex: 10    Spells: 6/6 levels left

rFire   . . .      SeeInvis .   e - +0 war axe
rCold   . . .      Faith    .   (no shield)
rNeg    . . .      Spirit   .   i - +0 ring mail
rPois   .          Reflect  .   (helmet restricted)
rElec   .          Harm     .   (no cloak)
rCorr   .          Rampage  .   c - +0 pair of gloves
Will    .....                   (no boots)
Stlth   +.........              (no amulet)
HPRegen 0.20/turn               (no ring)
MPRegen 0.10/turn               (no ring)

@: on berserk cooldown, slowed, very slow
A: horns 2, retaliatory headbutt
a: Renounce Religion, Berserk


You were on level 5 of the Dungeon.
You worshipped Trog.
Trog was aware of your devotion.
You visited 1 branch of the dungeon, and saw 4 of its levels.

You collected 58 gold pieces.

Inventory:

Hand Weapons
 a - a +1 hand axe
 e - a +0 war axe (weapon)
 l - a +0 hand axe
 n - a +0 halberd of venom
Missiles
 d - 24 stones (quivered)
Armour
 b - a +0 animal skin
 c - a +0 pair of gloves (worn)
 i - a +0 ring mail (worn)
Scrolls
 k - 2 scrolls of teleportation
Potions
 f - 2 potions of mutation {unknown}
 g - 4 potions of flight {unknown}
 h - a potion of lignification {unknown}
 j - a potion of cancellation {unknown}
 m - a potion of might {unknown}
 o - a potion of brilliance {unknown}
 p - a potion of ambrosia {unknown}


   Skills:
 + Level 5.5 Fighting
 + Level 7.4 Axes
 + Level 4.7 Armour
 + Level 3.6 Dodging
 + Level 1.0 Stealth


You had 6 spell levels left.
You didn't know any spells.
Your spell library was empty.

Dungeon Overview and Level Annotations

Branches:
Dungeon (5/15)             Temple (0/1) D:5

Altars:
Hepliaklqana
Makhleb

Shops:
D:1 :   D:4 *


Innate Abilities, Weirdness & Mutations

You have a pair of horns on your head.
You reflexively headbutt those who attack you in melee.


Message History

Unknown command.
An ogre comes into view. It is wielding a +0 giant spiked club.
Found a scroll labelled NOTELO JEZIAN.
The ogre shouts!
A jelly comes into view.
Found a staircase to the Ecumenical Temple.
The jelly quivers.
You hit the ogre.
The ogre is moderately wounded.
The ogre hits you with a +0 giant spiked club!!
Okay, then.
A red film seems to cover your vision as you go berserk!
You feel yourself moving faster!
You feel mighty!
The ogre hits you with a +0 giant spiked club!!
* * * LOW HITPOINT WARNING * * *
You are too injured to fight recklessly!
You are too injured to fight recklessly!
You slice the ogre!!
You kill the ogre!
Trog accepts your kill.
You hit the jelly.
Your hands burn!
* * * LOW HITPOINT WARNING * * *
You completely miss the jelly. You headbutt the jelly!
You kill the jelly!
Trog accepts your kill.
Things that are here:
a +0 giant spiked club; an ogre corpse You start resting.
You feel a strong urge to attack something.
You start resting.
You feel your anger nearly subside.
You are no longer berserk.
You are exhausted.
You feel yourself slow down.
You start resting.
An ogre comes into view. It is wielding a +0 giant club.
Found a potion of curing.
The ogre shouts!
You see here a scroll labelled NOTELO JEZIAN.
The ogre attacks as you move away! The ogre hits you with a +0 giant club!
You die...

# #..##..## #.##
##. #......# #.#
#...##.....###.#
.!>....⌠...##.#.#
##.?.).#.###.#
#.......## #..
#..##...## #.#
....##.....## ##
#.⌠.##.....O@#
#...#.......#.#
......#####.##..
###### #.# ###
... .... #...#
#####


You could see an ogre.

Vanquished Creatures
  2 ice beasts (D:5)
  The ghost of Horez the Firebug, an amateur OgFE (D:4)
  A centaur (D:5)
  An ogre (D:5)
  A phantom (D:5)
  A hound (D:4)
  A jelly (D:5)
  4 gnolls (D:4)
  2 adders (D:4)
  A dart slug (D:1)
  6 ball pythons
  An endoplasm (D:1)
  A giant cockroach (D:1)
  3 goblins
  2 hobgoblins
  8 kobolds
  4 quokkas
  4 bats (D:1)
  A frilled lizard (D:1)
  A rat (D:1)
46 creatures vanquished.

Vanquished Creatures (others)
  9 fungi (D:5)
9 creatures vanquished.

Grand Total: 55 creatures vanquished

Notes
Turn   | Place    | Note
-------+----------+-------------------------------------------
     0 | D:1      | carsquan the Minotaur Berserker began the quest for the
                  | Orb.
     0 | D:1      | Reached XP level 1. HP: 19/19 MP: 0/0
   585 | D:1      | Found Qyhir's Book Emporium.
   596 | D:1      | Reached skill level 4 in Axes
   596 | D:1      | Reached XP level 2. HP: 26/27 MP: 1/1
  1377 | D:2      | You fall into a shaft and drop 2 floors!
  1391 | D:4      | Reached XP level 3. HP: 17/34 MP: 2/2
  1671 | D:4      | Found Uke Kamp's Lightly-Used Armoury.
  2037 | D:4      | Found a runed translucent door.
  2040 | D:4      | Noticed Horez's ghost (amateur OgFE)
  2052 | D:4      | Killed Horez's ghost
  2053 | D:4      | Reached skill level 5 in Axes
  2053 | D:4      | Reached XP level 4. HP: 20/41 MP: 3/3
  2053 | D:4      | Reached XP level 5. HP: 23/47 MP: 4/4
  2544 | D:4      | Found a hazy altar of Hepliaklqana.
  2558 | D:4      | Reached ** piety under Trog
  3055 | D:5      | Entered Level 5 of the Dungeon
  3067 | D:5      | Noticed an ice beast
  3077 | D:5      | Killed an ice beast
  3078 | D:5      | Reached skill level 5 in Fighting
  3078 | D:5      | Reached skill level 6 in Axes
  3078 | D:5      | Reached XP level 6. HP: 56/56 MP: 5/5
  3301 | D:5      | Noticed an ice beast
  3311 | D:5      | Killed an ice beast
  3323 | D:5      | Found a burning altar of Makhleb.
  3485 | D:5      | Reached skill level 7 in Axes
  3485 | D:5      | Reached skill level 1 in Stealth
  3485 | D:5      | Reached XP level 7. HP: 50/61 MP: 6/6
  3489 | D:5      | Found a staircase to the Ecumenical Temple.
  3507 | D:5      | Slain by an ogre

Illustrated notes

Levels and vault maps discovered:
D:1:      dpeg_arrival_renting, layout_basic, serial_shops,
          nicolae_shop_statue_plus, nicolae_kite_square_tiling_tiny
D:2:      minmay_angry_zag, layout_loops_ring,
          shapermc_ecumenical_altar_totnotflames, nicolae_figureground_sparkle,
          uniq_sigmund
D:4:      layout_loops_cross, mainiacjoe_overflow_paths,
          hellmonk_ghost_happy_afterlife, minmay_shop_damaged
D:5:      layout_loops_ring, kennysheep_mini, minmay_temple_entry_waves,
          serial_aquarium, aquarium_bridge_straight [aquarium_subvault_bridge,
          aquarium_subvault_wall, aquarium_subvault_bridge,
          aquarium_subvault_wall], aquarium_window_3, aquarium_window_1,
          aquarium_window_fake, aquarium_view_2b, aquarium_view_2g,
          aquarium_pool_1

Skill      XL: |  1  2  3  4  5  6 |
---------------+-------------------+-----
Axes           | 4 5 6 7 |  7.4
Fighting       | 4 5 |  5.5
Armour         | 3 4 |  4.7
Dodging        | 3 |  3.6
Stealth        | 1 |  1.0

Action                   |  1- 3 |  4- 6 |  7- 9 || total
-------------------------+-------+-------+-------++-------
Melee: Hand axe          |    56 |       |       ||    56
       Headbutt          |     3 |     6 |     1 ||    10
       Punch             |     2 |       |       ||     2
       War axe           |     7 |    49 |     3 ||    59
Invok: Berserk           |       |       |     1 ||     1
  Use: Scroll            |     4 |     1 |       ||     5
       Potion            |       |     1 |       ||     1
Armor: Animal skin       |     8 |       |       ||     8
       Ring mail         |     8 |    14 |       ||    22
Dodge: Dodged            |    36 |    36 |       ||    72
